Map: Арена чести РВ

Players

FLIGHTER - Winner!

  • Race: Protoss Protoss
  • League: Silver
  • Spawn Location: 5:00

Skipper

  • Race: Protoss Protoss
  • League: Platinum
  • Spawn Location: 7:00

VOD

Have the link to the VOD?

Description

Time

  • Played on: March 31, 2017, 4:35 p.m.
  • Length: 11:44
Show
View Real Time Build Order
Export as new Build Order

FLIGHTER Protoss - Winner!

Build Orders:  

Get SALT Encoding   

  12  0:01  Probe (Chrono Boost)  
  13  0:11  Probe (Chrono Boost)  
  14  0:19  Pylon  
  14  0:22  Probe (Chrono Boost)  
  15  0:38  Probe (Chrono Boost)  
  16  0:44  Gateway  
  16  0:48  Probe (Chrono Boost)  
  16  0:49  Assimilator  
  17  1:05  Probe (Chrono Boost)  
  18  1:16  Probe (Chrono Boost)  
  19  1:18  Pylon  
  19  1:26  Probe (Chrono Boost)  
  19  1:31  Cybernetics Core  
  20  1:37  Probe (Chrono Boost)  
  21  1:49  Nexus  
  21  1:58  Probe (Chrono Boost)  
  21  2:00  Assimilator  
  23  2:08  Probe (Chrono Boost)  
  23  2:09  Warp Gate  
  23  2:15  Stalker  
  25  2:19  Probe (Chrono Boost)  
  26  2:40  Probe (Chrono Boost)  
  28  2:51  Probe (Chrono Boost)  
  28  3:02  Gateway, Probe (Chrono Boost)  
  28  3:15  Probe x2 (Chrono Boost)  
  28  3:16  Robotics Facility  
  30  3:26  Probe x2 (Chrono Boost)  
  32  3:32  Pylon  
  32  3:36  Probe x2 (Chrono Boost)  
  34  3:42  Gateway  
  34  3:47  Pylon, Mothership Core (Chrono Boost)  
  36  3:53  Pylon, Stalker x2  
  40  4:07  Twilight Council  
  40  4:15  Probe x2 (Chrono Boost)  
  42  4:26  Probe x2 (Chrono Boost)  
  44  4:35  Observer  
  45  4:46  Probe x2 (Chrono Boost)  
  45  4:51  Assimilator  
  47  4:55  Assimilator  
  47  5:00  Stalker x3  
  47  5:01  Pylon  
  47  5:04  Pylon, Blink  
  53  5:16  Dark Shrine  
  53  5:19  Probe x2 (Chrono Boost)  
  55  5:30  Gateway  
  55  5:36  Warp Prism  
  57  5:51  Gateway  
  57  5:53  Gateway, Probe x2 (Chrono Boost)  
  57  5:55  Gateway  
  59  5:57  Gateway  
  59  5:59  Gateway  
  59  6:03  Probe x2 (Chrono Boost)  
  61  6:14  Probe x2 (Chrono Boost)  
  63  6:20  Robotics Facility  
  63  6:21  Pylon  
  63  6:29  Pylon  
  63  6:40  Dark Templar x3  
  71  7:15  Immortal x2  
  71  7:26  Stalker x2  
  71  7:27  Stalker x3  
  71  7:29  Nexus  
  81  7:31  Assimilator  
  81  7:36  Assimilator  
  81  7:49  Pylon  
  81  7:54  Pylon  
  81  7:55  Immortal x2  
  89  8:09  Pylon x2  
  89  8:12  Pylon  
  89  8:17  Forge  
  89  8:18  Stalker x5  
  89  8:19  Forge  
  99  8:25  Probe x2 (Chrono Boost)  
  101  8:36  Probe x2 (Chrono Boost)  
  101  8:39  Immortal  
  101  8:41  Protoss Ground Armor Level 1, Protoss Ground Weapons Level 1  
  107  8:46  Probe (Chrono Boost)  
  107  8:49  Observer  
  108  9:06  Stalker x3  
  108  9:07  Stalker  
  116  9:35  Stalker x3  
  122  9:45  Observer  
  123  9:51  Warp Prism  
  124  9:59  Nexus  
  124  10:03  Assimilator  
  124  10:05  Assimilator  
  124  10:10  Pylon  
  124  10:14  Photon Cannon  
  124  10:19  Photon Cannon  
  122  10:22  Stalker x5  
  132  10:31  Probe (Chrono Boost)  
  132  10:32  Probe (Chrono Boost)  
  132  10:33  Probe (Chrono Boost)  
  135  10:41  Probe (Chrono Boost)  
  136  10:44  Probe (Chrono Boost)  
  136  10:45  Probe (Chrono Boost)  
  138  10:57  Immortal x2  
  138  11:02  Stalker x4  
Show
View Real Time Build Order
Export as new Build Order

Skipper Protoss 

Build Orders: 1 Gate Expand, Blink Stalkers 

Get SALT Encoding   

  12  0:02  Probe (Chrono Boost)  
  13  0:18  Probe (Chrono Boost)  
  14  0:26  Pylon  
  14  0:29  Probe (Chrono Boost)  
  15  0:44  Probe (Chrono Boost)  
  15  0:47  Gateway  
  16  0:55  Probe (Chrono Boost)  
  17  1:01  Assimilator  
  17  1:08  Probe (Chrono Boost)  
  18  1:24  Nexus  
  18  1:36  Cybernetics Core  
  18  1:42  Probe (Chrono Boost)  
  19  1:53  Probe (Chrono Boost)  
  20  2:05  Pylon  
  20  2:11  Assimilator, Probe (Chrono Boost)  
  21  2:22  Mothership Core (Chrono Boost)  
  23  2:23  Adept  
  25  2:40  Warp Gate  
  25  2:47  Pylon  
  24  3:06  Stalker  
  26  3:13  Probe (Chrono Boost)  
  26  3:16  Probe (Chrono Boost)  
  28  3:20  Pylon  
  28  3:26  Gateway  
  28  3:30  Probe x2 (Chrono Boost)  
  28  3:31  Twilight Council  
  30  3:40  Probe (Chrono Boost)  
  31  3:45  Stalker  
  33  3:56  Probe (Chrono Boost)  
  33  3:57  Blink  
  34  4:23  Probe (Chrono Boost)  
  36  4:24  Probe (Chrono Boost)  
  36  4:25  Robotics Facility  
  36  4:29  Assimilator  
  36  4:30  Assimilator, Stalker x2  
  40  4:33  Probe (Chrono Boost)  
  41  4:43  Forge  
  41  4:44  Probe (Chrono Boost)  
  42  5:00  Gateway  
  42  5:02  Probe (Chrono Boost)  
  42  5:03  Probe (Chrono Boost)  
  44  5:19  Immortal  
  48  5:35  Protoss Ground Weapons Level 1  
  49  5:36  Probe (Chrono Boost)  
  49  5:38  Probe (Chrono Boost)  
  49  5:39  Stalker  
  49  5:40  Pylon  
  49  5:42  Pylon, Stalker  
  52  5:45  Pylon  
  54  5:52  Probe (Chrono Boost)  
  55  6:00  Probe (Chrono Boost)  
  55  6:01  Pylon  
  55  6:03  Probe (Chrono Boost)  
  57  6:05  Observer  
  57  6:09  Sentry x2  
  57  6:10  Sentry  
  57  6:11  Probe (Chrono Boost)  
  65  6:17  Probe (Chrono Boost)  
  66  6:28  Immortal  
  64  6:39  Stalker  
  70  6:40  Stalker x2  
  64  7:05  Observer  
  65  7:16  Probe (Chrono Boost)  
  65  7:18  Probe (Chrono Boost)  
  65  7:21  Immortal  
  67  7:26  Photon Cannon  
  67  7:27  Probe (Chrono Boost)  
  73  7:30  Probe (Chrono Boost)  
  73  7:38  Protoss Ground Weapons Level 2, Probe (Chrono Boost)  
  73  7:42  Probe (Chrono Boost)  
  75  7:48  Probe (Chrono Boost)  
  76  7:54  Probe (Chrono Boost)  
  77  7:59  Probe (Chrono Boost)  
  77  8:04  Stalker x2  
  77  8:05  Stalker  
  84  8:30  Robotics Bay  
  84  8:38  Probe (Chrono Boost)  
  84  8:39  Probe (Chrono Boost)  
  84  8:40  Stalker x3  
  92  8:59  Pylon x2  
  92  9:02  Nexus  
  92  9:03  Pylon  
  92  9:08  Gateway  
  92  9:11  Gateway  
  92  9:12  Immortal  
  92  9:13  Gateway  
  95  9:19  Zealot x2  
  99  9:28  Charge  
  99  9:42  Zealot x2  
  103  9:46  Disruptor  
  106  10:11  Photon Cannon  
  106  10:12  Assimilator  
  106  10:17  Disruptor  
  106  10:20  Assimilator  
  109  10:30  Pylon  
  109  10:45  Colossus  
  115  11:09  Robotics Facility  
Tags
 
Add a new tag
Caveats
  • Supply blocks, unpowered buildings, or Contaminate may cause inaccurate times.
  • Supply counts are checked every 10 seconds.